Map: Lerilak Crest

Players

Tbeezy - Winner!

  • Race: Terran Terran

Bop

  • Race: Zerg Zerg

VOD

Have the link to the VOD?

Description

Time

  • Played on: May 2, 2015, 1:25 a.m.
  • Length: 18:47
Show
View Real Time Build Order
Export as new Build Order

Tbeezy Terran - Winner!

Build Orders: 1/1/1, Bio Tank, MMM Bio, Siege Tank Drop 

Get SALT Encoding   

  12  0:01  SCV  
  13  0:13  SCV  
  14  0:19  Supply Depot  
  14  0:25  SCV  
  15  0:33  Refinery  
  15  0:41  Barracks  
  15  0:45  SCV  
  16  0:58  SCV  
  17  1:10  SCV  
  18  1:28  Orbital Command  
  18  1:29  Marine  
  18  1:30  Supply Depot  
  19  1:37  Factory  
  19  1:46  Marine  
  20  1:56  SCV  
  20  1:59  Refinery  
  21  2:08  SCV  
  22  2:18  Command Center  
  22  2:24  Starport  
  22  2:28  SCV  
  23  2:51  Factory Tech Lab  
  23  2:52  SCV  
  24  3:04  SCV  
  24  3:05  Medivac  
  28  3:10  Siege Tank  
  30  3:16  SCV  
  31  3:29  Command Center, Orbital Command  
  31  3:32  SCV  
  32  3:38  Barracks Tech Lab  
  32  3:45  Siege Tank  
  32  3:46  SCV  
  36  3:49  Orbital Command  
  36  3:51  Medivac  
  38  3:58  SCV  
  39  4:07  Marine  
  40  4:10  SCV, Stimpack  
  41  4:18  SCV  
  41  4:22  SCV  
  42  4:30  SCV  
  42  4:34  SCV  
  42  4:38  Barracks  
  43  4:39  Barracks  
  43  4:41  Orbital Command  
  43  4:43  SCV  
  43  4:45  Marine  
  44  4:47  SCV  
  46  4:55  Barracks  
  46  4:57  Barracks  
  46  5:05  SCV  
  46  5:06  SCV, Marine  
  49  5:11  SCV  
  49  5:12  Engineering Bay  
  49  5:13  Engineering Bay  
  50  5:18  SCV x2  
  52  5:24  SCV  
  52  5:27  Marine  
  54  5:29  Marine  
  54  5:30  Medivac  
  54  5:31  SCV x2  
  54  5:33  Missile Turret  
  54  5:35  Missile Turret  
  59  5:40  Missile Turret  
  59  5:45  Marine  
  59  5:46  Barracks Reactor  
  59  5:47  Barracks Reactor, Marine  
  59  5:48  Missile Turret  
  61  5:51  Terran Infantry Weapons Level 1  
  61  5:52  Terran Infantry Armor Level 1  
  61  5:53  Supply Depot  
  61  5:58  Supply Depot  
  61  6:01  Missile Turret  
  61  6:05  SCV, Marine x3  
  61  6:09  Starport Reactor  
  65  6:11  Combat Shields  
  65  6:13  SCV x2, Refinery  
  65  6:15  Refinery  
  67  6:25  Barracks Reactor x2, Marine  
  67  6:26  Marine x3  
  67  6:29  SCV x2  
  67  6:30  SCV  
  74  6:41  Marine  
  74  6:43  Marine x2  
  74  6:45  SCV x3  
  79  6:48  Marine x2  
  79  6:49  Missile Turret  
  79  6:50  Missile Turret  
  79  6:53  Medivac x2  
  85  6:59  Supply Depot  
  85  7:02  Supply Depot x2  
  85  7:05  Supply Depot  
  85  7:12  SCV x2  
  85  7:13  SCV, Siege Tank  
  85  7:15  Marine x2  
  93  7:17  Marine  
  93  7:21  Marine x5  
  98  7:25  SCV  
  98  7:26  SCV  
  98  7:27  SCV  
  101  7:35  Marine x3  
  101  7:36  Marine  
  105  7:37  Orbital Command  
  105  7:39  Missile Turret  
  105  7:41  Missile Turret  
  105  7:43  Missile Turret  
  105  7:49  Marine x4  
  109  8:00  Marine x4  
  109  8:01  Siege Tank, Medivac x2  
  120  8:08  Armory  
  120  8:11  Marine x5  
  125  8:22  Barracks  
  125  8:23  Factory  
  125  8:24  Barracks  
  116  8:38  Marine  
  116  8:39  Marine x7  
  116  8:40  Siege Tank, Medivac x2  
  126  8:43  Marine  
  127  8:50  SCV x2  
  127  8:51  SCV  
  130  8:56  Terran Infantry Weapons Level 2, Marine x2  
  130  8:58  Terran Infantry Armor Level 2  
  130  9:00  Marine  
  133  9:04  Marine x2  
  135  9:14  Marine x5  
  140  9:19  Factory Tech Lab  
  140  9:20  Barracks Reactor x2  
  139  9:42  Marine x2  
  141  9:46  Terran Vehicle and Ship Weapons Level 1  
  141  9:47  Siege Tank, Marine x5  
  141  9:49  Supply Depot x2  
  141  9:50  Supply Depot  
  149  9:55  Command Center  
  149  9:59  Marine x3  
  150  10:00  Marine x3  
  150  10:03  Marine  
  150  10:04  Marine  
  157  10:12  SCV x2  
  157  10:13  SCV  
  160  10:14  Refinery  
  160  10:15  Refinery  
  160  10:24  SCV  
  160  10:27  Marine x3  
  160  10:28  Marine x6  
  166  10:29  Marine x2  
  172  10:38  Marine x2  
  171  10:45  Marine x2  
  173  11:00  SCV x3, Marine x2  
  173  11:01  Marine x6  
  173  11:02  Siege Tank, Medivac  
  189  11:07  Siege Tank  
  184  11:19  Marine x5  
  184  11:25  Marine x2  
  181  11:26  Marine x2  
  181  11:34  Siege Tank  
  181  11:39  Siege Tank, Marine x7  
  179  11:40  Marine x2  
  179  11:41  Terran Infantry Weapons Level 3  
  169  11:52  Missile Turret  
  165  11:58  Planetary Fortress  
  165  12:00  Missile Turret  
  155  12:02  Missile Turret, Marine x2  
  155  12:03  Marine  
  155  12:05  Marine, Medivac x2  
  155  12:07  Marine x3  
  161  12:21  Marine  
  161  12:22  Marine x2  
  159  12:24  Marine x2  
  159  12:25  Siege Tank x2, Marine  
  149  12:32  Marine x4  
  149  12:33  Marine  
  151  12:39  Medivac x2  
  155  12:45  SCV  
  155  12:47  Marine x3  
  158  12:56  Marine x2  
  158  12:57  SCV, Marine x8  
  148  13:05  Marine x2  
  147  13:09  SCV  
  147  13:10  Marine  
  150  13:14  Marine x4  
  150  13:15  Marine x4  
  150  13:18  Terran Vehicle and Ship Weapons Level 2, Terran Infantry Armor Level 3  
  158  13:20  Marauder  
  160  13:29  Marine x3  
  161  13:46  Marine  
  161  13:47  Marauder, Marine x6  
  169  13:51  Command Center  
  169  13:52  Command Center  
  169  13:57  Marine x4  
  169  13:58  Siege Tank  
  176  14:08  Marauder  
  178  14:13  Marine x4  
  182  14:17  Barracks  
  182  14:19  Barracks  
  182  14:22  Marine x2  
  182  14:23  Marine x3  
  187  14:24  Marine x3  
  187  14:25  Medivac x2  
  194  14:33  Marine  
  194  14:34  Marine x4  
  199  14:40  Marine  
  199  14:42  Marine  
  191  14:57  Marine x2  
  191  14:58  Marauder, Marine x2  
  191  14:59  Siege Tank  
  200  15:16  Orbital Command  
  200  15:17  Command Center  
  200  15:18  Barracks Tech Lab x2  
  200  15:19  Command Center  
  200  15:25  Marauder  
  192  15:36  Marine x3  
  192  15:37  Siege Tank  
  198  15:49  Planetary Fortress  
  192  16:01  Marine x2  
  192  16:02  Marine x5  
  199  16:05  Marine  
  199  16:07  Missile Turret x2  
  199  16:08  Missile Turret  
  199  16:10  Missile Turret  
  199  16:21  Siege Tank  
  194  16:31  Command Center, Orbital Command x2  
  194  16:32  Command Center  
  149  16:43  Siege Tank  
  143  16:53  Siege Tank  
  143  16:57  Marine x4, Marauder x3  
  143  16:58  Marine  
  152  17:15  Siege Tank  
  150  17:18  Marauder x3  
  153  17:30  Marine x4  
  153  17:31  Marine x5  
  153  17:34  Marine x2  
  153  17:35  Medivac  
  165  17:38  Refinery x2  
  165  17:39  Marauder x2  
  165  17:40  Refinery, Marauder  
  165  17:41  Refinery  
  171  17:47  Marine  
  171  17:48  Marine x2  
  174  18:00  Orbital Command  
  174  18:01  Marauder x3  
  180  18:08  Marine x4  
  180  18:09  Marine x7  
  191  18:22  Marauder x3  
Show
View Real Time Build Order
Export as new Build Order

Bop Zerg 

Build Orders: Hatch First, Lurkers, Muta Ling Bane, Ultralisks, Zergling Ultralisk 

Get SALT Encoding   

  12  0:01  Drone  
  13  0:13  Overlord  
  13  0:22  Drone  
  14  0:31  Drone x2  
  16  0:36  Drone  
  17  0:54  Hatchery  
  16  0:58  Drone  
  17  1:04  Drone  
  17  1:05  Extractor  
  17  1:17  Spawning Pool  
  16  1:18  Drone  
  16  1:22  Drone  
  18  1:34  Overlord  
  18  1:39  Drone  
  19  1:57  Drone  
  20  2:04  Queen  
  20  2:05  Zergling x2  
  20  2:06  Queen  
  25  2:09  Metabolic Boost  
  25  2:16  Drone  
  26  2:23  Drone x3  
  29  2:30  Drone  
  29  2:34  Drone  
  31  2:42  Queen  
  33  2:45  Queen  
  33  2:47  Drone  
  33  2:50  Overlord  
  36  3:03  Overlord  
  36  3:10  Drone x4  
  40  3:16  Drone x4  
  44  3:25  Overlord  
  44  3:27  Drone x4  
  48  3:29  Extractor x2  
  46  3:36  Lair  
  46  3:37  Drone x2  
  48  3:52  Drone x5  
  48  3:55  Extractor  
  52  4:02  Overlord x2  
  52  4:03  Zergling x8  
  56  4:11  Spore Crawler  
  56  4:16  Queen  
  57  4:28  Overlord  
  56  4:32  Drone x2  
  56  4:33  Drone  
  56  4:34  Queen  
  61  4:38  Spire  
  61  4:43  Overlord x2  
  60  5:01  Hatchery  
  59  5:13  Queen  
  61  5:34  Overlord  
  61  5:35  Baneling Nest  
  60  5:49  Hatchery, Mutalisk x3  
  59  5:51  Mutalisk x7  
  79  6:06  Hydralisk Den  
  78  6:14  Drone  
  78  6:15  Drone x9  
  88  6:19  Zerg Flyer Weapons Level 1  
  88  6:20  Drone x4  
  92  6:26  Overlord  
  92  6:34  Lurker Den  
  92  6:35  Hatchery  
  88  6:50  Drone x5  
  88  6:51  Extractor  
  88  6:53  Extractor  
  91  7:01  Drone x2  
  91  7:02  Drone x4  
  91  7:03  Drone  
  98  7:08  Overlord  
  98  7:14  Hatchery  
  97  7:25  Hydralisk x5  
  97  7:26  Hydralisk  
  109  7:32  Hydralisk  
  109  7:33  Hydralisk x2  
  109  7:36  Hydralisk x2  
  119  7:44  Overlord x2  
  119  7:52  Infestation Pit  
  118  8:01  Lurker x4  
  118  8:02  Lurker  
  118  8:03  Lurker  
  118  8:04  Drone x6  
  118  8:05  Drone x5  
  135  8:12  Overlord  
  135  8:13  Overlord x2  
  135  8:17  Zergling x6  
  135  8:19  Baneling x4  
  138  8:32  Extractor  
  137  8:36  Extractor  
  137  8:41  Hive  
  136  8:44  Evolution Chamber  
  136  8:45  Evolution Chamber, Overlord x2  
  135  8:48  Lurker x4  
  135  8:50  Drone x3  
  135  8:54  Spore Crawler  
  135  8:55  Spine Crawler x2  
  139  8:58  Zergling x2  
  139  8:59  Zergling x10  
  144  9:06  Centrifical Hooks  
  144  9:18  Zerg Ground Armor Level 1, Zerg Melee Weapons Level 1  
  144  9:25  Zergling x2  
  144  9:26  Zergling x18  
  131  9:42  Mutalisk x5  
  141  10:10  Hatchery, Zerg Flyer Weapons Level 2  
  141  10:11  Adrenal Glands  
  141  10:14  Ultralisk Cavern  
  139  10:18  Extractor  
  139  10:19  Zergling x2, Extractor  
  139  10:20  Zergling x12  
  144  10:29  Spore Crawler x2  
  144  10:30  Spore Crawler  
  144  10:33  Baneling  
  144  10:34  Baneling x6  
  143  10:50  Drone x8  
  145  11:05  Mutalisk x5  
  145  11:07  Overlord  
  155  11:21  Chitinous Plating  
  152  11:28  Zergling x20  
  125  11:42  Drone x5  
  128  11:50  Drone x3  
  122  12:15  Zerg Ground Armor Level 2, Zerg Melee Weapons Level 2  
  116  12:33  Ultralisk  
  120  12:46  Drone x5  
  120  12:47  Drone x6  
  115  12:59  Ultralisk  
  120  13:17  Ultralisk  
  113  13:42  Drone x6  
  113  13:48  Zergling x14  
  112  13:49  Zergling x4  
  119  13:56  Mutalisk x5  
  126  14:03  Mutalisk x2  
  129  14:26  Mutalisk  
  129  14:27  Mutalisk x5  
  129  15:03  Ultralisk  
  129  15:05  Zergling x20  
  145  15:11  Drone x4  
  137  15:40  Ultralisk  
  124  16:07  Zergling x24  
  124  16:08  Zergling x2  
  119  16:34  Zergling x2  
  119  16:35  Zergling x14  
  99  16:49  Mutalisk x2  
  103  17:12  Burrow  
  103  17:13  Mutalisk  
  103  17:14  Mutalisk  
  102  17:17  Zergling x4  
  104  17:29  Drone x4  
  106  17:42  Baneling x3  
  106  17:43  Zergling x6  
  108  17:51  Drone x3  
Tags
 
Add a new tag
Caveats
  • Supply blocks, unpowered buildings, or Contaminate may cause inaccurate times.
  • Supply counts are checked every 10 seconds.